 Dungeon Crawl Stone Soup version 0.30-a0-972-gf3ab3527aa (webtiles) character file.

Game seed: 9213793360952395385

331 bearlyready the Chopper (level 6, -9/53 HPs)
             Began as an Armataur Berserker on Mar 31, 2023.
             Was a Believer of Trog.
             Mangled by an ogre
             ... wielding a +0 giant spiked club
              (27 damage)
             ... on level 5 of the Dungeon.
             The game lasted 00:06:28 (3332 turns).

bearlyready the Chopper (Armataur Berserker)        Turns: 3332, Time: 00:06:28

Health: -9/53      AC:  6    Str: 25    XL:     6   Next: 26%
Magic:  6/6        EV:  9    Int:  7    God:    Trog [**....]
Gold:   214        SH:  0    Dex:  9    Spells: 5/5 levels left

rFire   . . .      SeeInvis .    a - +0 hand axe
rCold   . . .      Faith    .    (no shield)
rNeg    . . .      Spirit   .    i - +0 ring mail
rPois   .          Reflect  .    (no helmet)
rElec   .          Roll     +    u - scarf {+Inv}
rCorr   .                        (no gloves)
Will    .....                    (no barding) Stlth
                                 (no amulet)
HPRegen 0.28/turn                (no ring)
MPRegen 0.10/turn                (no ring)

@: no status effects
A: large, rugged brown scales 3, deformed body, armoured tail, roll, long
tongue, awkward tongue
a: Renounce Religion, Evoke Invisibility, Berserk, Trog's Hand


You were on level 5 of the Dungeon.
You worshipped Trog.
Trog was pleased with you.
You visited 1 branch of the dungeon, and saw 5 of its levels.

You collected 214 gold pieces.

Inventory:

Hand Weapons
 a - a +0 hand axe (weapon)
 b - a +1 dagger of electrocution
Missiles
 f - 31 stones (quivered)
 k - 6 boomerangs
 v - 2 poisoned darts
Armour
 i - a +0 ring mail (worn)
 u - a scarf of invisibility (worn)
Scrolls
 c - a scroll of identify {unknown}
 e - 2 scrolls of teleportation {unknown}
 g - 2 scrolls of blinking {unknown}
 h - a scroll of enchant weapon {unknown}
 n - a scroll of torment {unknown}
 p - a scroll of poison {unknown}
 q - a scroll of silence {unknown}
Potions
 d - 7 potions of curing {unknown}
 j - 3 potions of attraction {unknown}
 l - a potion of mutation {unknown}
 m - a potion of resistance {unknown}
 o - a potion of cancellation {unknown}
 r - 2 potions of might {unknown}
 s - 2 potions of degeneration {unknown}
 t - 2 potions of invisibility {unknown}
 w - a potion of flight {unknown}
 x - a potion of brilliance {unknown}


   Skills:
 - Level 2.6 Fighting
 + Level 5.9 Axes
 - Level 2.4 Armour
 - Level 1.3 Dodging


You had 5 spell levels left.
You didn't know any spells.
Your spell library was empty.

Dungeon Overview and Level Annotations

Branches:
Dungeon (5/15)
 Temple: D:4-7

Altars:
Dithmenos
Gozag
Nemelex Xobeh
Trog
Vehumet

Shops:
D:4 :


Innate Abilities, Weirdness & Mutations

You are completely covered in rugged brown scales. (AC +3, +7% HP)
Armour fits poorly on your strangely shaped body.
You have a long armoured tail.
You roll when moving toward enemies. (Rampage)
Your long tongue fully drains potion bottles. (2x potion effects)
Your tongue gives you trouble enunciating. (1.5x scroll delay)


Message History

You recover from your berserk rage.
Things that are here:
a +0 leather armour; a +0 hand axe
There is a stone staircase leading down here.
You start resting.
HP restored.
You climb downwards.
There is a stone staircase leading up here.
A dart slug comes into view.
A dart slug is nearby!
A dart slug is nearby!
A dart slug is nearby!
You roll towards the dart slug!
An ogre comes into view. It is wielding a +0 giant spiked club.
The ogre shouts!
You roll towards the dart slug!
You slash the dart slug! You punch the dart slug.
The dart slug is almost dead.
The dart slug launches a dart at you. The slug dart hits you.
You hit the dart slug.
You kill the dart slug!
Trog accepts your kill.
You hit the ogre.
The ogre is lightly wounded.
The ogre barely misses you.
You hit the ogre.
The ogre is moderately wounded.
The ogre hits you with a +0 giant spiked club!
You closely miss the ogre.
The ogre is moderately wounded.
You hit the ogre.
You tail-slap the ogre, but do no damage.
The ogre is moderately wounded.
The ogre hits you with a +0 giant spiked club!!
You hit the ogre.
The ogre is heavily wounded.
The ogre hits you with a +0 giant spiked club!!
Ouch! That really hurt!
You die...

#.#.#
#.#.#
#.#.#
#.#.#
#.#.#
#.#.#
#.#.#
#.#.#
#.#@#
#.#O#
#<#.#
###.#
...
###


You could see an ogre.

Vanquished Creatures
  An ice beast (D:3)
  A scorpion (D:4)
  A hound (D:3)
  A jelly (D:4)
  3 gnolls
  3 adders
  An ufetubus (D:4)
  A worm (D:2)
  2 dart slugs
  2 orcs
  4 endoplasms
  3 giant cockroaches
  8 goblins
  3 hobgoblins
  5 kobolds
  7 quokkas
  3 ball pythons (D:1)
  3 bats
  4 frilled lizards
  4 rats
60 creatures vanquished.

Vanquished Creatures (others)
  A withered plant (D:2)
1 creature vanquished.

Grand Total: 61 creatures vanquished

Notes
Turn   | Place    | Note
-------+----------+-------------------------------------------
     0 | D:1      | bearlyready the Armataur Berserker began the quest for the
                  | Orb.
     0 | D:1      | Reached XP level 1. HP: 19/19 MP: 1/1
   169 | D:1      | Reached skill level 3 in Axes
   169 | D:1      | Reached XP level 2. HP: 13/26 MP: 2/2
   740 | D:1      | Reached XP level 3. HP: 28/32 MP: 3/3
   960 | D:2      | Found a faded altar of an unknown god.
  1030 | D:2      | Reached ** piety under Trog
  1650 | D:3      | Noticed an ice beast
  1659 | D:3      | Killed an ice beast
  1660 | D:3      | Reached skill level 4 in Axes
  1660 | D:3      | Reached XP level 4. HP: 39/39 MP: 4/4
  1660 | D:3      | Reached XP level 5. HP: 44/44 MP: 5/5
  2025 | D:3      | Found a bloodstained altar of Trog.
  2128 | D:3      | Reached skill level 5 in Axes
  2477 | D:4      | Found Tuecreuf's Self-Improvement Boutique.
  2809 | D:4      | Found a shadowy altar of Dithmenos.
  2861 | D:4      | Reached XP level 6. HP: 36/53 MP: 6/6
  2932 | D:4      | Found an opulent altar of Gozag.
  3016 | D:4      | Found a radiant altar of Vehumet.
  3026 | D:4      | Found a sparkling altar of Nemelex Xobeh.
  3140 | D:5      | Entered Level 5 of the Dungeon
  3332 | D:5      | Mangled by an ogre

Illustrated notes

Levels and vault maps discovered:
D:1:      wander_arrival_desolate, layout_basic
D:2:      layout_loops_ring, ebering_ecumenical_altar_petrified,
          minmay_pentomino_t2
D:3:      layout_basic, trog_butcher_becter, minmay_misc_feat_alley,
          grunt_decor_mini_mirrors
D:4:      layout_rooms, kennysheep_mini_moat, amethyst_overflow_temple_binary,
          grunt_gozag_statues, nicolae_shop_self_help
D:5:      layout_basic, lemuel_doored_altar, minmay_temple_entry_waves,
          uniq_pikel

Skill      XL: |  1  2  3  4  5 |
---------------+----------------+-----
Axes           | 3 4 5 |  5.9
Fighting       | |  2.6
Armour         | |  2.4
Dodging        | |  1.3

Action                     |  1- 3 |  4- 6 || total
---------------------------+-------+-------++-------
  Melee: Hand axe          |   114 |   101 ||   215
         Tailslap          |    10 |    11 ||    21
         Punch             |       |     2 ||     2
 Invoke: Berserk           |     1 |     1 ||     2
 Armour: Animal skin       |     6 |       ||     6
         Ring mail         |    30 |    38 ||    68
  Dodge: Dodged            |    40 |    43 ||    83

Table legend: (Time is in decaauts)
 A = Elapsed time spent in this place.
 B = Non-inter-level travel time spent in this place.
 C = Inter-level travel time spent in this place.
 D = Time resting spent in this place.
 E = Time spent auto-exploring this place.
 F = Levels seen in this place.
 G = Mean time per level.
                   A        B        C        D        E       F      G
               +--------+--------+--------+--------+--------+-----+--------+
         Total |   3371 |   3202 |    169 |    124 |   2587 |   5 |  674.2 |
       Dungeon |   3371 |   3202 |    169 |    124 |   2587 |   5 |  674.2 |
               +--------+--------+--------+--------+--------+-----+--------+

Top non-repeatable levels by time:
     D:3: 998 daAuts
     D:4: 874 daAuts
     D:1: 819 daAuts
     D:2: 644 daAuts
     D:5: 33 daAuts
